 Dungeon Crawl Stone Soup version 0.23-a0-622-g59b4ea9 (console) character file.

3593 bli the Thaumaturge (level 10, 0/74 HPs)
             Began as a Barachi Ice Elementalist on Dec 23, 2018.
             Was an Elder of Okawaru.
             Slain by a sky beast (4 damage)
             ... on level 9 of the Dungeon.
             The game lasted 00:42:25 (8648 turns).

bli the Thaumaturge (Barachi Ice Elementalist)      Turns: 8648, Time: 00:42:30

Health: 0/74       AC:  3    Str: 11    XL:     10   Next: 10%
Magic:  11/23      EV: 18    Int: 16    God:    Okawaru [****..]
Gold:   385        SH: 11    Dex: 14    Spells: 21/27 levels left

rFire    x . .     SeeInvis .   b - +0 falchion (flame)
rCold    + + .     Gourm    .   h - +0 shield
rNeg     . . .     Faith    .   s - +0 robe
rPois    .         Spirit   .   (no helmet)
rElec    .         Reflect  .   I - scarf {repulsion}
rCorr    .         Harm     .   d - +0 pair of gloves
MR       .....                  (no boots)
Stlth    +++.......             (no amulet)
HPRegen  0.22/turn              o - ring of protection from cold
MPRegen  0.18/turn              B - ring of ice

@: heroism, repel missiles, slow
A: +LOS, swims, slowness 1, strong legs 1
a: Hop, Heroism, Renounce Religion


You were on level 9 of the Dungeon.
You worshipped Okawaru.
Okawaru was greatly pleased with you.
You were near starving.

You visited 1 branch of the dungeon, and saw 9 of its levels.

You collected 385 gold pieces.

Inventory:

Hand Weapons
 a - a +2 trident of venom
 b - a +0 falchion of flaming (weapon)
 M - a +2 dagger of venom
 P - a +0 long sword
 S - a +0 hand axe of electrocution
 T - a +0 blowgun
Missiles
 g - 95 stones (quivered)
 F - 8 poisoned needles
 G - 3 tomahawks
 Q - a throwing net
 X - 19 sling bullets
Armour
 d - a +0 pair of gloves (worn)
 h - a +0 shield (worn)
 r - a +0 leather armour
 s - a +0 robe (worn)
 t - a +0 ring mail
 I - a scarf of repulsion (worn)
Magical Staves
 l - an uncursed staff of fire
Jewellery
 o - a ring of protection from cold (left hand)
 B - a ring of ice (right hand)
 O - an uncursed ring of magical power
Wands
 Y - a wand of acid (6)
Scrolls
 f - 5 scrolls of identify {unknown}
 i - 2 scrolls of enchant weapon {unknown}
 j - 4 scrolls of fear {unknown}
 m - a scroll of blinking {unknown}
 n - 8 scrolls of teleportation {unknown}
 u - 3 scrolls of magic mapping {unknown}
 v - a scroll of enchant armour {unknown}
 w - a scroll of fog {unknown}
 x - 3 scrolls of remove curse {unknown}
 y - 2 scrolls of immolation {unknown}
 D - a scroll of random uselessness {unknown}
 L - a scroll of torment {unknown}
 V - a scroll of summoning {unknown}
Potions
 e - a potion of heal wounds {unknown}
 k - 5 potions of curing
 z - 2 potions of might {unknown}
 A - 2 potions of berserk rage {unknown}
 H - a potion of degeneration {unknown}
 J - a potion of magic {unknown}
 N - a potion of invisibility {unknown}
 R - a potion of cancellation {unknown}
 Z - a potion of resistance {unknown}
Comestibles
 c - 18 rations


   Skills:
 + Level 5.2(10.2) Fighting
 + Level 3.6(8.6) Long Blades
 + Level 5.0(10.0) Dodging
 + Level 2.0(7.0) Stealth
 * Level 6.0(11.0) Shields
 + Level 9.0 Spellcasting
 + Level 3.4 Conjurations
 + Level 0.4 Charms
 + Level 7.6 Ice Magic


You had 21 spell levels left.
You knew the following spells:

 Your Spells              Type           Power        Failure   Level  Hunger
a - Freeze                Ice            ####         1%          1    None
b - Throw Frost           Conj/Ice       #####.       2%          2    None
O - Ozocubu's Armour      Chrm/Ice       ####....     10%         3    #......

Your spell library contained the following spells:

 Spells                   Type           Power        Failure   Level  Hunger
 Infusion                 Chrm           #...         14%         1    None
 Beastly Appendage        Tmut           #.....       17%         1    None
 Throw Icicle             Conj/Ice       #####...     17%         4    ###....
 Shroud of Golubria       Chrm/Tloc      #.........   22%         2    None
 Song of Slaying          Chrm           #.......     22%         2    None
 Sticks to Snakes         Tmut           #.......     26%         2    None
 Ice Form                 Ice/Tmut       ####....     34%         4    ###....
 Summon Ice Beast         Ice/Summ       ####....     34%         4    ###....
 Regeneration             Chrm/Necr      #.........   41%         3    #......
 Spectral Weapon          Hex/Chrm       #.......     41%         3    #......
 Spider Form              Tmut/Pois      #.........   45%         3    #......
 Iskenderun's Battlesphe  Conj/Chrm      ##......     91%         5    #####..
 Venom Bolt               Conj/Pois      ##........   92%         5    #####..
 Bolt of Magma            Conj/Fire/Erth ##........   96%         5    #####..
 Blade Hands              Tmut           #.........   99%         5    #####..
 Iron Shot                Conj/Erth      ##........   100%        6    ######.
 Orb of Destruction       Conj           ###.......   100%        7    #######
 Spellforged Servitor     Conj/Summ      ##........   100%        7    #######


Dungeon Overview and Level Annotations

Branches:
Dungeon (9/15)             Temple (0/1) D:7            Lair (0/6) D:8
    Orc: D:9-12

Altars:
Fedhas
Kikubaaqudgha
Makhleb
Okawaru
Qazlal
Uskayaw
Vehumet
Wu Jian
Yredelemnul
The Shining One

Shops:
D:7 *

Annotations:
D:4 1 runed door


Innate Abilities, Weirdness & Mutations

Shadows flee at your approach. (+LOS)
You can swim through water.
You cover ground slowly.
You can hop short distances.


Message History

You hit the orc priest but do no damage.
You block the orc wizard's attack.
You hit the orc priest. You burn the orc priest.
The orc priest is lightly wounded.
The black bear bites you. The black bear barely misses you.
The black bear claws you but does no damage.
The orc closely misses you.
You riposte.
You slash the orc! You burn the orc.
You kill the orc!
Okawaru accepts your kill.
You barely miss the orc priest.
The orc priest is lightly wounded.
You block the orc wizard's attack.
The orc priest calls down the wrath of Beogh upon you.
Beogh smites you!
* * * LOW HITPOINT WARNING * * *
You block the black bear's attack. x2; The black bear claws you.
* * * LOW HITPOINT WARNING * * *
The orc priest looks encouraged for a moment.
The sky beast hits you.
You die...

..#########.....# .
#.......#.....
###.......#...#
#.........#...#
##'##'#####..#
.............#
#####.###+#..#####
#.# #......# #.#
#......#### #.#
#....oYh..#
#.##+##...oo@)l.#
#.........#####))....
#.#'####..# .....
#####.#....#..# ..
......#....#..#
......#....#..#
......####'#..#####..
............<........
....<................
#####################


You could see a black bear, a sky beast, an iguana, 2 orc priests and an orc
wizard.

Vanquished Creatures
  Harold (D:7)
  A komodo dragon (D:8)
  A wyvern (D:8)
  A hungry ghost (D:7)
  A sky beast (D:6)
  An orc warrior (D:6)
  An ice beast (D:7)
  2 phantoms
  2 ogres
  A big kobold (D:7)
  4 bullfrogs
  A scorpion (D:6)
  2 crimson imps (D:6)
  4 howler monkeys
  A bullfrog zombie (D:8)
  A jelly (D:6)
  2 bullfrog skeletons
  A gnoll shaman (D:7)
  3 hounds
  6 orc priests
  An iguana (D:7)
  12 orc wizards
  A worker ant zombie (D:6)
  14 adders
  8 gnolls
  3 oozes
  2 adder skeletons
  3 adder zombies
  2 worms
  A dart slug (D:3)
  8 leopard geckos
  35 orcs
  6 giant cockroaches
  4 hobgoblins
  11 jackals
  12 kobolds
  4 quokkas
  A ball python (D:5)
  5 bats
  2 frilled lizards (D:3)
  5 goblins
  A leopard gecko skeleton (D:5)
  A quokka zombie (D:8)
  5 rats
  A plant (D:8)
185 creatures vanquished.

Vanquished Creatures (others)
  A human (D:2)
  2 plants (D:8)
3 creatures vanquished.

Grand Total: 188 creatures vanquished

Notes
Turn   | Place    | Note
-------+----------+-------------------------------------------
     0 | D:1      | bli the Barachi Ice Elementalist began the quest for the
                  | Orb.
     0 | D:1      | Reached XP level 1. HP: 13/13 MP: 3/3
   210 | D:1      | Reached XP level 2. HP: 15/20 MP: 1/5
   214 | D:1      | Learned a level 2 spell: Throw Frost
   639 | D:2      | Reached XP level 3. HP: 21/25 MP: 2/7
   708 | D:2      | Found an iron altar of Okawaru.
   716 | D:2      | Became a worshipper of Warmaster Okawaru
   719 | D:2      | Reached skill level 1 in Fighting
   721 | D:2      | Reached skill level 3 in Spellcasting
   739 | D:2      | Reached XP level 4. HP: 11/33 MP: 0/8
   900 | D:2      | Found an ancient bone altar of Kikubaaqudgha.
  1263 | D:2      | Noticed a human
  1265 | D:2      | Killed a human
  1707 | D:3      | Reached XP level 5. HP: 26/38 MP: 6/10
  1787 | D:3      | Reached skill level 1 in Shields
  2056 | D:3      | Found an iron altar of Okawaru.
  2111 | D:3      | Reached skill level 4 in Spellcasting
  2111 | D:3      | Reached skill level 5 in Ice Magic
  2276 | D:3      | Reached XP level 6. HP: 26/46 MP: 10/12
  2532 | D:3      | Found a radiant altar of Vehumet.
  2696 | D:3      | Learned a level 3 spell: Ozocubu's Armour
  3091 | D:4      | Found a glowing golden altar of the Shining One.
  3092 | D:4      | Found a runed door.
  3092 | D:4      | Noticed an angel
  3719 | D:5      | Entered Level 5 of the Dungeon
  3749 | D:5      | Noticed a phantom
  3768 | D:5      | Killed a phantom
  3768 | D:5      | Reached * piety under Okawaru
  3952 | D:5      | Reached XP level 7. HP: 52/52 MP: 7/14
  3971 | D:5      | Found a hide-covered altar of Uskayaw.
  4144 | D:5      | Reached skill level 5 in Spellcasting
  4552 | D:6      | HP: 1/53 [orc/cursed -1 club (3)]
  4593 | D:6      | Reached ** piety under Okawaru
  4867 | D:6      | Reached XP level 8. HP: 60/60 MP: 3/16
  4967 | D:6      | Reached skill level 6 in Spellcasting
  5736 | D:6      | Reached skill level 7 in Spellcasting
  6094 | D:7      | Found Qexaf's General Store.
  6350 | D:7      | Found a basalt altar of Yredelemnul.
  6350 | D:7      | Found a glowing golden altar of the Shining One.
  6351 | D:7      | Noticed a profane servitor
  6408 | D:7      | Found a staircase to the Ecumenical Temple.
  6421 | D:7      | Reached *** piety under Okawaru
  6438 | D:7      | Found a stormy altar of Qazlal.
  6471 | D:7      | Reached XP level 9. HP: 29/65 MP: 18/20
  6739 | D:7      | Noticed Harold
  6803 | D:7      | Killed Harold
  6803 | D:7      | Reached skill level 8 in Spellcasting
  7142 | D:7      | Noticed an angel
  7279 | D:7      | Reached **** piety under Okawaru
  7279 | D:7      | Reached skill level 5 in Shields
  7672 | D:8      | Found an ornate altar of the Wu Jian Council.
  7953 | D:8      | Reached skill level 5 in Fighting
  7953 | D:8      | Reached skill level 1 in Long Blades
  7953 | D:8      | Reached skill level 9 in Spellcasting
  7981 | D:8      | Found a blossoming altar of Fedhas.
  8113 | D:8      | Reached XP level 10. HP: 46/74 MP: 23/23
  8332 | D:8      | Found a staircase to the Lair.
  8361 | D:8      | Reached skill level 5 in Dodging
  8607 | D:9      | Found a burning altar of Makhleb.
  8648 | D:9      | Slain by a sky beast

Vault maps used:
D:1:      mrwooster_arrival_statue_2
D:2:      old_standard_altar, tgw_kikubaaqudgha
D:3:      marbit_many_paths, roderic_lattice_a, okawaru_trees_1
D:4:      cheibrodos_old_hovel, first_ration, lemuel_angel_altar
D:5:      eat_drink_and_be_merry_uskayaw
D:6:      serial_glass, glass_columns_a, glass_columns_b, feat_on_display,
          item_on_display_a, feat_on_display, minmay_strange_pillars,
          minmay_a_box_with_orc_wizards_in_it
D:7:      grunt_temple_overflow_holy_war, nicolae_qazlal_general_emergency,
          minmay_temple_entry_glass, serial_shops, nicolae_shop_waterfront,
          uniq_harold
D:8:      lemuel_round_altar, nicolae_overflow_hidden_temple,
          david_lair_shrubbed
D:9:      grunt_temple_overflow_open, serial_shops, shop

Skill      XL: |  1  2  3  4  5  6  7  8  9 10 |
---------------+-------------------------------+-----
Ice Magic      | 4 5 6 7 |  7.6
Stealth        | 2 |  2.0
Fighting       | 1 2 3 4 5 |  5.2
Spellcasting   | 3 4 5 7 9 |  9.0
Shields        | 1 2 4 5 6 |  6.0
Dodging        | 3 4 5 |  5.0
Conjurations   | 2 3 |  3.4
Long Blades    | 2 3 |  3.6
Charms         | |  0.4

Action                   |  1- 3 |  4- 6 |  7- 9 | 10-12 || total
-------------------------+-------+-------+-------+-------++-------
Melee: Unarmed           |    16 |       |       |       ||    16
       Spear             |    17 |    25 |       |       ||    42
       Trident           |       |    82 |   223 |    17 ||   322
       Falchion          |       |       |    79 |    16 ||    95
Throw: Stone             |     1 |    20 |    56 |       ||    77
 Cast: Freeze            |    26 |    29 |    71 |     1 ||   127
       Throw Frost       |     2 |    22 |    82 |     7 ||   113
       Ozocubu's Armour  |       |       |     3 |       ||     3
Invok: Heroism           |       |       |       |     1 ||     1
  Use: Potion            |       |       |     1 |       ||     1
 Stab: Sleeping          |     3 |     4 |     2 |     1 ||    10
  Eat: Chunk             |       |     9 |    20 |     1 ||    30
       Ration            |       |     1 |       |       ||     1
Armor: Robe              |    11 |    19 |    44 |     3 ||    77
Dodge: Dodged            |    36 |    62 |   181 |    21 ||   300
       Deflected         |       |       |     4 |       ||     4
Block: Shield            |       |       |    79 |    17 ||    96
       Rpst.: Falchion   |       |       |    15 |     7 ||    22

Table legend:
 A = Non-vault XP
 B = Vault XP
 C = Vault XP percentage of total XP
 D = Non-vault monster count
 E = Vault monster count
 F = Vault count percentage of total count
                 A         B        C        D         E       F
            +---------+---------+-------+---------+---------+-------
      Total |    3600 |    1534 |  29.9 |     176 |       8 |   4.3
            +---------+---------+-------+---------+---------+-------
        D:1 |      30 |       0 |   0.0 |      14 |       0 |   0.0
        D:2 |     127 |       0 |   0.0 |      22 |       0 |   0.0
        D:3 |     192 |       2 |   1.0 |      31 |       1 |   3.1
        D:4 |      15 |      13 |  46.4 |       2 |       1 |  33.3
        D:5 |     416 |       0 |   0.0 |      12 |       0 |   0.0
        D:6 |     981 |     155 |  13.6 |      38 |       4 |   9.5
        D:7 |     807 |     992 |  55.1 |      24 |       1 |   4.0
        D:8 |     937 |     372 |  28.4 |      27 |       1 |   3.6
        D:9 |      95 |       0 |   0.0 |       6 |       0 |   0.0
            +---------+---------+-------+---------+---------+-------
